 Dungeon Crawl Stone Soup version 0.26.1-15-g04117e645d (webtiles) character file.

Game seed: 12982229236135696570

506 BiteMe the Firebug (level 6, -7/45 HPs)
             Began as a Demigod Fire Elementalist on Jan 2, 2023.
             Mangled by Pikel
             ... wielding a +0 whip of freezing
              (11 damage)
             ... while paralysed by Pikel
             ... on level 4 of the Dungeon.
             The game lasted 00:36:08 (7542 turns).

BiteMe the Firebug (Demigod Fire Elementalist)      Turns: 7542, Time: 00:36:09

Health: -7/45      AC:  2    Str: 17    XL:     6   Next: 64%
Magic:  14/15      EV:  2    Int: 23    God:
Gold:   173        SH:  0    Dex: 16    Spells: 6/13 levels left

rFire    . . .     SeeInvis .   m - +0 spear
rCold    . . .     Faith    .   (no shield)
rNeg     . . .     Spirit   .   a - +0 robe
rPois    .         Reflect  .   (no helmet)
rElec    .         Harm     .   (no cloak)
rCorr    .         Rampage  .   (no gloves)
Will     .....                  (no boots)
Stlth    ++........             (no amulet)
HPRegen  0.15/turn              q - +6 ring of strength
MPRegen  0.14/turn              (no ring)

@: paralysed
A: high mp 1
a: no special abilities


You were on level 4 of the Dungeon.
You visited 1 branch of the dungeon, and saw 4 of its levels.

You collected 173 gold pieces.

Inventory:

Hand Weapons
 b - a +0 club
 c - a +0 flail
 e - a +0 dagger
 f - a +0 halberd
 h - a +0 short sword
 m - a +0 spear (weapon)
 n - a +0 hunting sling
 s - a +0 whip
 v - a +0 vorpal hunting sling
Missiles
 l - 13 bolts
 x - 5 boomerangs
 A - 18 arrows
 B - 19 sling bullets
Armour
 a - a +0 robe (worn)
 i - a +0 kite shield
 k - a +0 ring mail
 w - a +0 leather armour
Jewellery
 d - a +6 ring of intelligence {unknown}
 p - an uncursed ring of flight
 q - a +6 ring of strength (left hand)
Wands
 z - a wand of random effects (22)
Scrolls
 j - a scroll of amnesia
 y - a scroll of enchant armour {unknown}
Potions
 g - a potion of heal wounds {unknown}
 o - 2 potions of lignification {unknown}
 r - 2 potions of might {unknown}
 t - a potion of curing {unknown}
 u - a potion of haste


   Skills:
 + Level 0.1 Fighting
 + Level 0.7 Polearms
 - Level 1.7 Dodging
 - Level 1.7 Stealth
 * Level 4.1 Spellcasting
 * Level 3.7 Conjurations
 + Level 4.3 Fire Magic


You had 6 spell levels left.
You knew the following spells:

 Your Spells              Type           Power        Failure   Level
a - Foxfire               Conj/Fire      92%          1%          1
b - Conjure Flame         Conj/Fire      23%          6%          3
c - Inner Flame           Hex/Fire       14%          13%         3

Your spell library contained the following spells:

 Spells                   Type           Power        Failure   Level
 Sticky Flame             Conj/Fire      23%          21%         4
 Fireball                 Conj/Fire      11%          50%         5


Dungeon Overview and Level Annotations

Branches:
Dungeon (4/15)
 Temple: D:4-7

Annotations:
D:3 Ijyb, Robin, Terence
D:4 Pikel


Innate Abilities, Weirdness & Mutations

You have an increased reservoir of magic. (+10% MP)


Message History

Pikel is nearby!
Pikel is nearby!
You start resting.
Pikel is nearby!
Pikel is nearby!
A lemure comes into view.
Pikel shouts!
The lemure shouts!
Pikel zaps a wand.
You suddenly lose the ability to move!
Pikel waves his whip at you.
Pikel zaps a wand.
You shrug off the repeated paralysis!
The lemure hits you.
* * * LOW HITPOINT WARNING * * *
Pikel hits you with a +0 whip of freezing.
* * * LOW HITPOINT WARNING * * *
Pikel freezes you.
* * * LOW HITPOINT WARNING * * *
The lemure hits you.
* * * LOW HITPOINT WARNING * * *
Pikel hits you with a +0 whip of freezing!
You die...

.#...#..###.#......^#
........##.........##
..................##
##..............#### #####
##..............#.## ##...#
##...............#..# ##....####
##.......#..........###........#
.........#.....K...............#
.#.....#K#.....5@..........##..#
.#...................#.....#...#
##...................#........##
.#...............###.........###
.................. ##..........#
...##.......#....####.........##
........#...##....#.#........##
.#... ##. .................# .
.............#...##


You could see Pikel and a lemure.

Vanquished Creatures
  2 phantoms (D:4)
  3 lemures (D:4)
  A scorpion (D:4)
  A howler monkey (D:4)
  A hound (D:4)
  A worker ant (D:4)
  6 gnolls (D:3)
  5 adders
  An adder zombie (D:4)
  A worm (D:2)
  2 dart slugs (D:1)
  3 leopard geckos
  An orc (D:4)
  2 giant cockroaches
  13 goblins
  4 hobgoblins
  3 jackals
  3 kobolds
  A quokka (D:2)
  A ball python skeleton (D:4)
  6 bats (D:1)
  5 frilled lizards
  7 rats
73 creatures vanquished.

Vanquished Creatures (collateral kills)
  2 foxfires (D:3)
2 creatures vanquished.

Vanquished Creatures (others)
  305 foxfires
305 creatures vanquished.

Grand Total: 380 creatures vanquished

Notes
Turn   | Place    | Note
-------+----------+-------------------------------------------
     0 | D:1      | BiteMe the Demigod Fire Elementalist began the quest for
                  | the Orb.
     0 | D:1      | Reached XP level 1. HP: 14/14 MP: 5/5
    92 | D:1      | Reached skill level 1 in Conjurations
   492 | D:1      | Reached XP level 2. HP: 20/20 MP: 5/7
  1214 | D:2      | Reached XP level 3. HP: 26/26 MP: 2/9
  1896 | D:3      | Noticed Terence
  2493 | D:2      | Found a hazy altar of Hepliaklqana.
  2723 | D:2      | Reached XP level 4. HP: 33/33 MP: 2/11
  3093 | D:3      | Noticed Ijyb
  3093 | D:3      | Noticed a water moccasin
  3722 | D:2      | Found a glowing silver altar of Zin.
  5529 | D:3      | Reached XP level 5. HP: 38/38 MP: 9/12
  5558 | D:3      | Noticed Robin
  5774 | D:4      | Noticed a phantom
  5784 | D:4      | Killed a phantom
  5998 | D:4      | Learned a level 3 spell: Conjure Flame
  6480 | D:4      | Noticed a phantom
  6490 | D:4      | Killed a phantom
  6491 | D:4      | Reached XP level 6. HP: 45/45 MP: 6/14
  6501 | D:4      | Learned a level 3 spell: Inner Flame
  6970 | D:4      | HP: 2/45 [poisoned by a scorpion]
  7435 | D:4      | HP: 2/45 [lemure[Pikel] (3)]
  7525 | D:4      | Noticed Pikel
  7536 | D:4      | Paralysed by Pikel for 7 turns
  7542 | D:4      | Mangled by Pikel

Illustrated notes

Levels and vault maps discovered:
D:1:      dpeg_arrival_rooms_c, layout_loops_ring
D:2:      layout_basic, zin_treasury, nzn_hepliaklqana_mist_gate, st_stairs_10
D:3:      layout_basic, overflow_temple_1_default, grunt_decor_fettered,
          ashenzari_altar_1, uniq_terence, uniq_robin, uniq_ijyb,
          uniq_crazy_yiuf_cottage
D:4:      layout_cave_pools, uniq_pikel

Skill      XL: |  1  2  3  4  5  6 |
---------------+-------------------+-----
Conjurations   | 1 2 3 |  3.7
Spellcasting   | 2 3 4 |  4.1
Fire Magic     | 3 4 |  4.3
Fighting       | |  0.1
Polearms       | |  0.7
Dodging        | |  1.7
Stealth        | |  1.7

Action                   |  1- 3 |  4- 6 || total
-------------------------+-------+-------++-------
Melee: Dagger            |     1 |       ||     1
       Short sword       |     1 |       ||     1
       Spear             |       |    28 ||    28
 Cast: Foxfire           |    55 |   128 ||   183
       Conjure Flame     |       |     2 ||     2
  Use: Scroll            |       |     4 ||     4
       Potion            |       |     1 ||     1
 Stab: Sleeping          |     1 |       ||     1
Armor: Robe              |     1 |     3 ||     4
Dodge: Dodged            |    10 |    19 ||    29
